TOP OF THE 1ST |
Indianapolis Indians batting - Pitching for Iowa Cubs : RHP Willie Ramos
|
Pitching: RHP Willie Ramos
|
|
Batting: RHB Jason Gee
|
0-0: Foul Ball, location: 2F 0-1: Ball 1-1: Foul Ball, location: 2F 1-2: Ground out 6-3 (Groundball, 6, EV 85.0 MPH)
|
Batting: RHB Bubba Tierney
|
0-0: Swinging Strike 0-1: Foul Ball, location: 2F 0-2: SINGLE (Groundball, 5S, EV 68.8 MPH) (infield hit)
|
Batting: LHB Alberto Figueroa
|
0-0: Foul Ball, location: 2F 0-1: Ball 1-1: Ball 2-1: Ball 3-1: SINGLE (Groundball, 34, EV 103.1 MPH) (infield hit) Bubba Tierney to second
|
Batting: RHB Chris Pozzi
|
0-0: Called Strike 0-1: Foul Ball, location: 2F 0-2: Foul Ball, location: 2F 0-2: Ball 1-2: Strikes out looking
|
Batting: RHB Luis Ramos
|
0-0: Ball Wild Pitch! Bubba Tierney to third Alberto Figueroa to second 1-0: 3-RUN HOME RUN (Flyball, 7LD, EV 94.4 MPH), Distance : 364 ft
|
Batting: RHB Caleb Russell
|
0-0: Called Strike 0-1: Ball 1-1: Ball 2-1: Ball 3-1: SINGLE (Groundball, 56D, EV 106.9 MPH)
|
Batting: LHB Jorge Quintana
|
0-0: Ball 1-0: Foul Ball, location: 2F 1-1: Foul Ball, location: 2F 1-2: Ground out 4-3 (Groundball, 4, EV 97.5 MPH)
|
Top of the 1st over - 3 runs, 4 hits, 0 errors, 1 left on base; Indianapolis 3 - Iowa 0 |
BOTTOM OF THE 1ST |
Iowa Cubs batting - Pitching for Indianapolis Indians : RHP George Sechler
|
Pitching: RHP George Sechler
|
|
Batting: LHB Sumiki Okuhara
|
0-0: Ball 1-0: Ball 2-0: Called Strike 2-1: Foul Ball, location: 2F 2-2: Foul Ball, location: 2F 2-2: Ball 3-2: Ground out 4-3 (Groundball, 34, EV 83.1 MPH)
|
Batting: RHB Jon Aguilar
|
0-0: Foul Ball, location: 2F 0-1: Called Strike 0-2: Ball 1-2: Strikes out swinging
|
Batting: LHB Mark Ingram
|
0-0: Called Strike 0-1: Called Strike 0-2: Strikes out swinging
|
Bottom of the 1st over - 0 runs, 0 hits, 0 errors, 0 left on base; Indianapolis 3 - Iowa 0 |
TOP OF THE 2ND |
Indianapolis Indians batting - Pitching for Iowa Cubs : RHP Willie Ramos
|
Batting: RHB Isaiah Yarbrough
|
0-0: SINGLE (Groundball, 25, EV 68.8 MPH) (infield hit)
|
Batting: RHB Richard Barrios
|
0-0: Called Strike 0-1: Ball 1-1: Grounds into double play, 5-4-3 (Groundball, 56S, EV 90.6 MPH)
|
Batting: RHB Jason Gee
|
0-0: Called Strike 0-1: Ground out 6-3 (Groundball, 6, EV 93.1 MPH)
|
Top of the 2nd over - 0 runs, 1 hit, 0 errors, 0 left on base; Indianapolis 3 - Iowa 0 |
BOTTOM OF THE 2ND |
Iowa Cubs batting - Pitching for Indianapolis Indians : RHP George Sechler
|
Batting: RHB Ricardo Aguinaga
|
0-0: Ball 1-0: Called Strike 1-1: Ball 2-1: Ball 3-1: Called Strike 3-2: DOUBLE (Groundball, 5L, EV 101.9 MPH)
|
Batting: SHB Gabriel Cruz
|
0-0: Ball 1-0: Ground out 6-3 (Groundball, 56, EV 86.9 MPH)
|
Batting: RHB Adam O'Hare
|
0-0: Ball 1-0: Swinging Strike 1-1: Foul Ball, location: 2F 1-2: Ground out 3-1 (Groundball, 34, EV 85.6 MPH) Ricardo Aguinaga to third
|
Batting: RHB Brian Gargis
|
0-0: TRIPLE (Line Drive, 78XD, EV 105.6 MPH) Ricardo Aguinaga scores
|
Batting: RHB Pat Barton
|
0-0: Swinging Strike 0-1: Foul Ball, location: 2F 0-2: Foul Ball, location: 2F 0-2: Foul Ball, location: 2F 0-2: Strikes out looking
|
Bottom of the 2nd over - 1 run, 2 hits, 0 errors, 1 left on base; Indianapolis 3 - Iowa 1 |
TOP OF THE 3RD |
Indianapolis Indians batting - Pitching for Iowa Cubs : RHP Willie Ramos
|
Batting: RHB Bubba Tierney
|
0-0: Ball 1-0: Ball 2-0: Fly out, F8 (Line Drive, 8RM, EV 93.8 MPH)
|
Batting: LHB Alberto Figueroa
|
0-0: Called Strike 0-1: Ground out 5-3 (Groundball, 6S, EV 85.6 MPH)
|
Batting: RHB Chris Pozzi
|
0-0: Called Strike 0-1: Called Strike 0-2: Ball 1-2: Ball 2-2: Ball 3-2: Strikes out swinging, 2-3 out at first.
|
Top of the 3rd over - 0 runs, 0 hits, 0 errors, 0 left on base; Indianapolis 3 - Iowa 1 |
BOTTOM OF THE 3RD |
Iowa Cubs batting - Pitching for Indianapolis Indians : RHP George Sechler
|
Batting: RHB Tony Mendez
|
0-0: Swinging Strike 0-1: Swinging Strike 0-2: Strikes out swinging
|
Batting: LHB Sumiki Okuhara
|
0-0: Swinging Strike 0-1: Ball 1-1: Swinging Strike 1-2: Foul Ball, location: 2F 1-2: Ground out 4-3 (Groundball, 4, EV 89.4 MPH)
|
Batting: RHB Jon Aguilar
|
0-0: Ball 1-0: Ball 2-0: Ball 3-0: Base on Balls
|
Batting: LHB Mark Ingram
|
0-0: Foul Ball, location: 2F 0-1: Called Strike 0-2: Ball 1-2: Ball 2-2: Strikes out swinging
|
Bottom of the 3rd over - 0 runs, 0 hits, 0 errors, 1 left on base; Indianapolis 3 - Iowa 1 |
TOP OF THE 4TH |
Indianapolis Indians batting - Pitching for Iowa Cubs : RHP Willie Ramos
|
Batting: RHB Luis Ramos
|
0-0: Foul Ball, location: 2F 0-1: Foul Ball, location: 2F 0-2: Strikes out swinging
|
Batting: RHB Caleb Russell
|
0-0: Called Strike 0-1: Fly out, F9 (Flyball, 9S, EV 81.2 MPH)
|
Batting: LHB Jorge Quintana
|
0-0: Ball 1-0: Called Strike 1-1: Foul Ball, location: 2F 1-2: Strikes out swinging
|
Top of the 4th over - 0 runs, 0 hits, 0 errors, 0 left on base; Indianapolis 3 - Iowa 1 |
BOTTOM OF THE 4TH |
Iowa Cubs batting - Pitching for Indianapolis Indians : RHP George Sechler
|
Batting: RHB Ricardo Aguinaga
|
0-0: Ball 1-0: Ground out 5-3 (Groundball, 5S, EV 82.5 MPH)
|
Batting: SHB Gabriel Cruz
|
0-0: Called Strike 0-1: Swinging Strike 0-2: Strikes out swinging
|
Batting: RHB Adam O'Hare
|
0-0: Called Strike 0-1: Ground out 5-3 (Groundball, 5, EV 90.0 MPH)
|
Bottom of the 4th over - 0 runs, 0 hits, 0 errors, 0 left on base; Indianapolis 3 - Iowa 1 |
TOP OF THE 5TH |
Indianapolis Indians batting - Pitching for Iowa Cubs : RHP Willie Ramos
|
Pitching: RHP Jose Ramirez
|
|
Batting: RHB Isaiah Yarbrough
|
0-0: Called Strike 0-1: Swinging Strike 0-2: Ball 1-2: Foul Ball, location: 2F 1-2: Strikes out swinging
|
Batting: RHB Richard Barrios
|
0-0: Ball 1-0: Swinging Strike 1-1: Called Strike 1-2: Strikes out swinging
|
Batting: RHB Jason Gee
|
0-0: Swinging Strike 0-1: Foul Ball, location: 2F 0-2: Ball 1-2: Ball 2-2: Ball 3-2: SINGLE (Line Drive, 7LS, EV 109.4 MPH)
|
Batting: RHB Bubba Tierney
|
0-0: Ball 1-0: Ball 2-0: Foul Ball, location: 2F 2-1: SINGLE (Groundball, 56S, EV 65.6 MPH) (infield hit) Jason Gee to second
|
Batting: LHB Alberto Figueroa
|
0-0: Ball 1-0: Called Strike 1-1: Swinging Strike 1-2: Foul Ball, location: 2F 1-2: Foul Ball, location: 2F 1-2: Ball 2-2: SINGLE (Groundball, 34D, EV 105.6 MPH) Jason Gee to third Bubba Tierney to second Runner from 3rd tries for Home, SAFE, throw by RF to home
|
Batting: RHB Chris Pozzi
|
0-0: Ball 1-0: Swinging Strike 1-1: DOUBLE (Flyball, 8RXD, EV 100.0 MPH) Bubba Tierney scores Alberto Figueroa to third Runner from 3rd tries for Home, SAFE, no throw by CF
|
Batting: RHB Luis Ramos
|
0-0: Ball 1-0: Called Strike 1-1: Ball Passed Ball! Chris Pozzi to third 2-1: Ball 3-1: Base on Balls
|
Pitching: RHP Miles Edwards
|
|
Batting: RHB Caleb Russell
|
0-0: Called Strike 0-1: Ball 1-1: Ball 2-1: Ball 3-1: SINGLE (Groundball, 56, EV 106.2 MPH) (infield hit) Chris Pozzi scores Luis Ramos to second
|
Batting: LHB Jorge Quintana
|
0-0: Swinging Strike 0-1: Swinging Strike 0-2: TRIPLE (Line Drive, 89XD, EV 100.6 MPH) Luis Ramos scores Caleb Russell scores
|
Batting: RHB Isaiah Yarbrough
|
0-0: Foul Ball, location: 2F 0-1: Foul Ball, location: 2F 0-2: Ball 1-2: SINGLE (Groundball, 5L, EV 81.9 MPH) (infield hit) Jorge Quintana scores
|
Batting: RHB Richard Barrios
|
0-0: Ball 1-0: Ball 2-0: Ball 3-0: Called Strike 3-1: Base on Balls Isaiah Yarbrough to second
|
Batting: RHB Jason Gee
|
0-0: Ball 1-0: Ground out 5-3 (Groundball, 56S, EV 77.5 MPH)
|
Top of the 5th over - 7 runs, 7 hits, 0 errors, 2 left on base; Indianapolis 10 - Iowa 1 |
BOTTOM OF THE 5TH |
Iowa Cubs batting - Pitching for Indianapolis Indians : RHP George Sechler
|
Batting: RHB Brian Gargis
|
0-0: Ball 1-0: Called Strike 1-1: Foul Ball, location: 2F 1-2: Foul Ball, location: 2F 1-2: Ball 2-2: Ball 3-2: Strikes out swinging
|
Batting: RHB Pat Barton
|
0-0: Called Strike 0-1: Called Strike 0-2: Strikes out swinging
|
Batting: RHB Tony Mendez
|
0-0: Ball 1-0: Swinging Strike 1-1: Ball 2-1: Fly out, F7 (Flyball, 78S, EV 98.1 MPH)
|
Bottom of the 5th over - 0 runs, 0 hits, 0 errors, 0 left on base; Indianapolis 10 - Iowa 1 |
TOP OF THE 6TH |
Indianapolis Indians batting - Pitching for Iowa Cubs : RHP Miles Edwards
|
Batting: RHB Bubba Tierney
|
0-0: Called Strike 0-1: Ball 1-1: Called Strike 1-2: Ball 2-2: Strikes out looking
|
Batting: LHB Alberto Figueroa
|
0-0: Called Strike 0-1: SINGLE (Line Drive, 89S, EV 92.5 MPH)
|
Batting: RHB Chris Pozzi
|
0-0: Ball 1-0: Ball 2-0: DOUBLE (Flyball, 8RXD, EV 95.6 MPH) Alberto Figueroa to third
|
Batting: RHB Luis Ramos
|
0-0: Called Strike 0-1: Foul Ball, location: 2F 0-2: Ground out 6-3 (Groundball, 6S, EV 62.5 MPH) Alberto Figueroa scores Chris Pozzi to third
|
Batting: RHB Caleb Russell
|
0-0: Called Strike 0-1: Swinging Strike 0-2: Foul Ball, location: 2F 0-2: Foul Ball, location: 2F 0-2: Foul Ball, location: 2F 0-2: SINGLE (Groundball, 6MD, EV 108.8 MPH) Chris Pozzi scores
|
Batting: LHB Jorge Quintana
|
0-0: Hit by Pitch Caleb Russell to second
|
Batting: RHB Isaiah Yarbrough
|
0-0: SINGLE (Flyball, 34D, EV 81.9 MPH) Caleb Russell to third Jorge Quintana to second Runner from 3rd tries for Home, SAFE, throw by RF to home
|
Pitching: LHP Jose Urena
|
|
Batting: RHB Richard Barrios
|
0-0: Called Strike 0-1: Swinging Strike 0-2: Ball 1-2: Ball Wild Pitch! Jorge Quintana to third Isaiah Yarbrough to second 2-2: Foul Ball, location: 2F 2-2: Ball 3-2: Fly out, F9 (Line Drive, 9LM, EV 97.5 MPH)
|
Top of the 6th over - 3 runs, 4 hits, 0 errors, 2 left on base; Indianapolis 13 - Iowa 1 |
BOTTOM OF THE 6TH |
Iowa Cubs batting - Pitching for Indianapolis Indians : RHP George Sechler
|
Batting: LHB Sumiki Okuhara
|
0-0: Called Strike 0-1: DOUBLE (Line Drive, 89M, EV 101.9 MPH)
|
Batting: RHB Jon Aguilar
|
0-0: Foul Ball, location: 2F 0-1: Called Strike 0-2: Foul Ball, location: 2F 0-2: Ball 1-2: Strikes out swinging
|
Batting: LHB Mark Ingram
|
0-0: Called Strike 0-1: Called Strike 0-2: Strikes out swinging
|
Batting: RHB Ricardo Aguinaga
|
0-0: Swinging Strike 0-1: Ball 1-1: Called Strike 1-2: SINGLE (Groundball, 56D, EV 110.0 MPH) Sumiki Okuhara to third Runner from 3rd tries for Home, SAFE, throw by LF to home Ricardo Aguinaga to second
|
Batting: SHB Gabriel Cruz
|
0-0: Foul Ball, location: 2F 0-1: Ball 1-1: Called Strike 1-2: Strikes out swinging
|
Bottom of the 6th over - 1 run, 2 hits, 0 errors, 1 left on base; Indianapolis 13 - Iowa 2 |
TOP OF THE 7TH |
Indianapolis Indians batting - Pitching for Iowa Cubs : LHP Jose Urena
|
Pinch Hitting: RHB Matt Keef
|
0-0: Ball 1-0: Foul Ball, location: 2F 1-1: Foul Ball, location: 2F 1-2: Foul Ball, location: 2F 1-2: Ball 2-2: Strikes out swinging
|
Batting: RHB Bubba Tierney
|
0-0: Swinging Strike 0-1: Called Strike 0-2: Ball 1-2: Ground out 4-3 (Groundball, 34, EV 102.5 MPH)
|
Batting: LHB Alberto Figueroa
|
0-0: Ball 1-0: Swinging Strike 1-1: Fly out, F7 (Flyball, 78M, EV 75.6 MPH)
|
Top of the 7th over - 0 runs, 0 hits, 0 errors, 0 left on base; Indianapolis 13 - Iowa 2 |
BOTTOM OF THE 7TH |
Iowa Cubs batting - Pitching for Indianapolis Indians : RHP George Sechler
|
Now at 1B: Matt Keef
|
|
Batting: RHB Adam O'Hare
|
0-0: Ball 1-0: Called Strike 1-1: Foul Ball, location: 2F 1-2: Foul Ball, location: 2F 1-2: Ball 2-2: Ball 3-2: Fly out, F7 (Flyball, 7, EV 92.5 MPH)
|
Pinch Hitting: SHB Tim Hone
|
0-0: Ball 1-0: Foul Ball, location: 2F 1-1: Ground out 6-3 (Groundball, 6, EV 84.4 MPH)
|
Batting: RHB Pat Barton
|
0-0: Called Strike 0-1: Swinging Strike 0-2: Strikes out swinging
|
Bottom of the 7th over - 0 runs, 0 hits, 0 errors, 0 left on base; Indianapolis 13 - Iowa 2 |
TOP OF THE 8TH |
Indianapolis Indians batting - Pitching for Iowa Cubs : LHP Jose Urena
|
Now in LF: Tim Hone
|
|
Now in CF: Sumiki Okuhara
|
|
Batting: RHB Chris Pozzi
|
0-0: Ground out 5-3 (Groundball, 56S, EV 91.9 MPH)
|
Pinch Hitting: LHB Edwin Aguilar
|
0-0: Swinging Strike 0-1: Swinging Strike 0-2: Ball 1-2: Strikes out looking
|
Batting: RHB Caleb Russell
|
0-0: Called Strike 0-1: Ball 1-1: Called Strike 1-2: SINGLE (Groundball, 56D, EV 94.4 MPH)
|
Batting: LHB Jorge Quintana
|
0-0: Ball 1-0: Ball 2-0: Foul Ball, location: 2F 2-1: Reached on error, E3 (Groundball, 34, EV 86.9 MPH) Caleb Russell to second
|
Batting: RHB Isaiah Yarbrough
|
0-0: Called Strike 0-1: Ball 1-1: Swinging Strike 1-2: Strikes out swinging
|
Top of the 8th over - 0 runs, 1 hit, 1 error, 2 left on base; Indianapolis 13 - Iowa 2 |
BOTTOM OF THE 8TH |
Iowa Cubs batting - Pitching for Indianapolis Indians : RHP George Sechler
|
Pitching: LHP Josh Ramirez
|
|
Now in CF: Jorge Quintana
|
|
Now in RF: Edwin Aguilar
|
|
Batting: RHB Tony Mendez
|
0-0: Foul Ball, location: 2F 0-1: Ball 1-1: Ball 2-1: Ball 3-1: Called Strike 3-2: Base on Balls
|
Batting: LHB Sumiki Okuhara
|
0-0: Fielders Choice at 2nd, 4-6 (Groundball, 4D, EV 101.2 MPH)
|
Batting: RHB Jon Aguilar
|
0-0: Called Strike 0-1: Foul Ball, location: 2F 0-2: Ball 1-2: Strikes out swinging
|
Batting: LHB Mark Ingram
|
0-0: Ball 1-0: Swinging Strike 1-1: Ground out 4-3 (Groundball, 4S, EV 79.4 MPH)
|
Bottom of the 8th over - 0 runs, 0 hits, 0 errors, 1 left on base; Indianapolis 13 - Iowa 2 |
TOP OF THE 9TH |
Indianapolis Indians batting - Pitching for Iowa Cubs : LHP Jose Urena
|
Batting: RHB Richard Barrios
|
0-0: Ball 1-0: Called Strike 1-1: Swinging Strike 1-2: Fly out, F7 (Flyball, 78M, EV 85.6 MPH)
|
Batting: RHB Matt Keef
|
0-0: Ball 1-0: Ball 2-0: Called Strike 2-1: Ground out U3 (Groundball, 34, EV 95.6 MPH)
|
Batting: RHB Bubba Tierney
|
0-0: Ball 1-0: Foul Ball, location: 2F 1-1: Ball 2-1: Ground out 4-3 (Groundball, 4, EV 90.0 MPH)
|
Top of the 9th over - 0 runs, 0 hits, 0 errors, 0 left on base; Indianapolis 13 - Iowa 2 |
BOTTOM OF THE 9TH |
Iowa Cubs batting - Pitching for Indianapolis Indians : LHP Josh Ramirez
|
Batting: RHB Ricardo Aguinaga
|
0-0: Ground out 1-3 (Groundball, 13S, EV 73.8 MPH)
|
Batting: SHB Gabriel Cruz
|
0-0: Ball 1-0: Ball 2-0: Called Strike 2-1: Called Strike 2-2: Ball 3-2: Foul Ball, location: 2F 3-2: Base on Balls
|
Batting: RHB Adam O'Hare
|
0-0: Swinging Strike 0-1: Foul Ball, location: 2F 0-2: Ball 1-2: Strikes out swinging
|
Batting: SHB Tim Hone
|
0-0: Ball 1-0: Ball 2-0: Foul Ball, location: 2F 2-1: Swinging Strike 2-2: Ball 3-2: Strikes out swinging
|
Bottom of the 9th over - 0 runs, 0 hits, 0 errors, 1 left on base; Indianapolis 13 - Iowa 2 |
|